 Dungeon Crawl Stone Soup version 0.26.1-11-gd32895ea62 (webtiles) character file.

Game seed: 9109093509610709755

333 tardwrangler69 the Spear-Bearer (level 6, -4/49 HPs)
             Began as a Merfolk Gladiator on Apr 27, 2021.
             Slain by an ogre
             ... wielding a +0 giant club
              (12 damage)
             ... on level 4 of the Dungeon.
             The game lasted 00:02:15 (3123 turns).

tardwrangler69 the Spear-Bearer (Merfolk Gladiator) Turns: 3123, Time: 00:02:16

Health: -4/49      AC:  5    Str: 17    XL:     6   Next: 53%
Magic:  6/6        EV: 14    Int:  7    God:
Gold:   140        SH:  5    Dex: 15    Spells: 5/5 levels left

rFire    . . .     SeeInvis .   a - +0 trident
rCold    . . .     Faith    .   (no shield)
rNeg     . . .     Spirit   .   b - +0 leather armour
rPois    .         Reflect  +   c - +0 helmet
rElec    .         Harm     .   (no cloak)
rCorr    .         Rampage  .   n - +0 pair of gloves
Will     .....                  (no boots)
Stlth    +.........             k - amulet of reflection
HPRegen  0.16/turn              (no ring)
MPRegen  0.10/turn              (no ring)

@: no status effects
A: change form in water, swift swim, stealthy swim
a: no special abilities


You were on level 4 of the Dungeon.
You visited 1 branch of the dungeon, and saw 4 of its levels.

You collected 140 gold pieces.

Inventory:

Hand Weapons
 a - a +0 trident (weapon)
Missiles
 d - 3 throwing nets (quivered)
 u - 29 poisoned darts
Armour
 b - a +0 leather armour (worn)
 c - a +0 helmet (worn)
 n - a +0 pair of gloves (worn)
Jewellery
 k - an amulet of reflection (around neck)
 o - an uncursed amulet of guardian spirit {unknown}
Scrolls
 e - 2 scrolls of noise {unknown}
 f - a scroll of enchant weapon {unknown}
 j - a scroll of amnesia {unknown}
 l - a scroll of remove curse {unknown}
 m - 2 scrolls of fear {unknown}
 q - 3 scrolls of teleportation {unknown}
 v - 2 scrolls of identify {unknown}
Potions
 g - 2 potions of resistance {unknown}
 h - 2 potions of magic {unknown}
 i - 2 potions of heal wounds {unknown}
 p - a potion of cancellation {unknown}
 r - 4 potions of curing {unknown}
 s - a potion of degeneration {unknown}
 t - 2 potions of invisibility {unknown}
 w - a potion of ambrosia {unknown}


   Skills:
 + Level 4.5 Fighting
 * Level 8.8 Polearms
 - Level 2.0 Throwing
 - Level 4.0 Dodging


You had 5 spell levels left.
You didn't know any spells.
Your spell library was empty.

Dungeon Overview and Level Annotations

Branches:
Dungeon (4/15)
 Temple: D:4-7

Altars:
Dithmenos
Qazlal


Message History

The ogre misses you. The ogre closely misses you.
You puncture the ogre!
The ogre is almost dead.
You hit the ogre.
You kill the ogre!
The ogre barely misses you.
You hit the ogre.
The ogre is lightly wounded.
The ogre hits you with a +0 giant club!!
* * * LOW HITPOINT WARNING * * *
You are too injured to fight recklessly!
You are too injured to fight recklessly!
You are too injured to fight recklessly!
You are too injured to fight recklessly!
You hit the ogre.
The ogre is moderately wounded.
You puncture the ogre!
The ogre is severely wounded.
The ogre hits you with a +0 giant club!
You die...

.......[.# ......... #..
.#######.###.........##..
#.######..............##..
#.........................
#######...................
#........................
#........................
#.......)O...............
######..@................
##...............###...
#................# #...
#................# ....
##................###...
#.................# ....
###...........).....# ....
#.............)†.#### ..##
#................#


You could see an ogre.

Vanquished Creatures
  An ogre (D:4)
  2 hounds (D:4)
  2 worker ants
  3 gnolls (D:2)
  3 adders
  An ooze (D:1)
  A worm (D:2)
  2 dart slugs
  4 leopard geckos
  4 orcs (D:4)
  A ball python (D:2)
  2 bats (D:1)
  3 giant cockroaches
  9 hobgoblins
  6 jackals
  A quokka (D:2)
  5 frilled lizards
  5 goblins
  8 kobolds
  6 rats
69 creatures vanquished.

Vanquished Creatures (others)
  A plant (D:3)
1 creature vanquished.

Grand Total: 70 creatures vanquished

Notes
Turn   | Place    | Note
-------+----------+-------------------------------------------
     0 | D:1      | tardwrangler69 the Merfolk Gladiator began the quest for
                  | the Orb.
     0 | D:1      | Reached XP level 1. HP: 16/16 MP: 1/1
   209 | D:1      | Reached XP level 2. HP: 19/23 MP: 2/2
   212 | D:1      | Reached skill level 5 in Polearms
   404 | D:1      | Reached XP level 3. HP: 28/28 MP: 3/3
   879 | D:2      | Found a stormy altar of Qazlal.
   990 | D:2      | Reached skill level 6 in Polearms
  1013 | D:2      | Reached XP level 4. HP: 17/35 MP: 4/4
  1810 | D:2      | Found a shadowy altar of Dithmenos.
  1946 | D:2      | Reached skill level 7 in Polearms
  1946 | D:2      | Reached XP level 5. HP: 32/41 MP: 5/5
  2934 | D:4      | Reached skill level 8 in Polearms
  2942 | D:4      | Reached XP level 6. HP: 44/48 MP: 6/6
  3123 | D:4      | Slain by an ogre

Illustrated notes

Levels and vault maps discovered:
D:1:      erik_arrival_triangle_small, layout_rooms, minmay_pentomino_r4
D:2:      layout_basic, lemuel_crystal_altar, minmay_misc_feat_five,
          nrook_campfire, nicolae_qazlal_general_emergency
D:3:      layout_basic, serial_forest, infiniplex_forest_end_3,
          infiniplex_forest_end_3, infiniplex_forest_straight_5,
          infiniplex_forest_end_1, infiniplex_forest_clump_small
D:4:      layout_basic, uniq_ijyb

Skill      XL: |  1  2  3  4  5 |
---------------+----------------+-----
Polearms       | 5 6 7 8 |  8.8
Fighting       | 3 4 |  4.5
Throwing       | |  2.0
Dodging        | |  4.0

Action                   |  1- 3 |  4- 6 || total
-------------------------+-------+-------++-------
Melee: Trident           |    98 |   147 ||   245
 Stab: Sleeping          |     1 |     2 ||     3
Armor: Leather armour    |    18 |    14 ||    32
Dodge: Dodged            |    47 |    71 ||   118
Block: Other             |    19 |    20 ||    39
       Reflection        |     1 |     1 ||     2
